 Dungeon Crawl Stone Soup version 0.30-a0-715-gdb4ae3ece1 (webtiles) character file.

Game seed: 17630538030685299739

1579 Darius099 the Grappler (level 8, -1/74 HPs)
             Began as a Troll Monk on Jan 24, 2023.
             Succumbed to a water moccasin's poison
             ... on level 6 of the Dungeon.
             The game lasted 00:16:52 (3980 turns).

Darius099 the Grappler (Troll Monk)                 Turns: 3980, Time: 00:16:53

Health: -1/74      AC:  4    Str: 20    XL:     8   Next: 60%
Magic:  7/7        EV: 12    Int:  8    God:
Gold:   213        SH:  5    Dex: 14    Spells: 7/7 levels left

rFire   . . .      SeeInvis .      - Unarmed
rCold   . . .      Faith    .    (no shield)
rNeg    + . .      Spirit   .    u - +0 robe
rPois   .          Reflect  +    (helmet restricted)
rElec   .          Harm     .    (no cloak)
rCorr   .          Rampage  .    (gloves unavailable)
Will    .....                    (boots unavailable)
Stlth   ++                       m - amulet of reflection
HPRegen 1.12/turn                j - ring "Hyfevez" {Ice Fly rN+ Int+2}
MPRegen 0.10/turn                h - ring of fire

@: lethally poisoned (-1 -> -18), flying
A: large, unfitting armour, claws 3, regeneration 1, shaggy fur 1, tough skin 1
a: no special abilities


You were on level 6 of the Dungeon.
You visited 1 branch of the dungeon, and saw 6 of its levels.

You collected 213 gold pieces.

Inventory:

Armour
 u - a +0 robe (worn)
Jewellery
 h - a ring of fire (right claw)
 j - the ring "Hyfevez" (left claw) {Ice Fly rN+ Int+2}
   (You found it on level 4 of the Dungeon)

   [ring of ice]

   It enhances your ice magic.
   Int:       It affects your intelligence (+2).
   rF:        It makes you vulnerable to fire.
   rC:        It protects you from cold.
   rN:        It protects you from negative energy.
   Fly:       It grants you flight.
 m - an amulet of reflection (around neck)
 r - a ring of fire
Wands
 e - a wand of charming (13)
 w - a wand of quicksilver (4)
 x - a wand of flame (23)
Scrolls
 c - 2 scrolls of fear {unknown}
 d - a scroll of enchant weapon {unknown}
 f - a scroll of magic mapping {unknown}
 i - 5 scrolls of identify {unknown}
 k - a scroll of teleportation {unknown}
 n - a scroll of immolation {unknown}
 o - a scroll of amnesia {unknown}
Potions
 a - 3 potions of flight {unknown}
 b - a potion of ambrosia
 g - a potion of curing
 l - a potion of might
 p - a potion of cancellation {unknown}
 q - a potion of lignification {unknown}
 s - 2 potions of mutation {unknown}
 t - a potion of attraction {unknown}
 v - a potion of heal wounds


   Skills:
 - Level 2.9 Fighting
 - Level 0.2 Armour
 + Level 6.7 Dodging
 - Level 1.4 Stealth
 + Level 8.0 Unarmed Combat


You had 7 spell levels left.
You didn't know any spells.
Your spell library contained the following spells:

 Spells                   Type           Power      Damage    Failure   Level
 Cigotuvi's Dreadful Rot  Necr/Pois/Air  0%         N/A       54%         2
 Ozocubu's Armour         Ice            0%         N/A       78%         3
 Dispel Undead            Necr           0%         3d6       99%         4
 Death Channel            Necr           0%         N/A       100%        6
 Ozocubu's Refrigeration  Ice            0%         4d7       100%        7


Dungeon Overview and Level Annotations

Branches:
Dungeon (6/15)
 Temple: D:4-7

Altars:
Dithmenos
Uskayaw
Yredelemnul


Innate Abilities, Weirdness & Mutations

You are too large for most types of armour.
You have claws for hands.
Your natural rate of healing is unusually fast.
You are covered in fur. (AC +1)
You have tough skin. (AC +1)


Message History

You kill the black bear!
The water moccasin misses you.
Your Unarmed Combat skill increases to level 8!
You scratch the water moccasin but do no damage.
You block the water moccasin's attack.
You closely miss the water moccasin. The water moccasin bites you!
You closely miss the water moccasin. The water moccasin barely misses you.
You block the water moccasin's attack.
You barely miss the water moccasin. Your claw misses the water moccasin.
The water moccasin closely misses you.
You scratch the water moccasin but do no damage.
The water moccasin bites you.
You scratch the water moccasin.
The water moccasin is moderately wounded.
The water moccasin bites you!
You are poisoned.
The water moccasin poisons you!
You claw the water moccasin!
The water moccasin is almost dead.
You feel very sick. The water moccasin bites you.
The two-headed ogre attacks as you move away!
The two-headed ogre hits you but does no damage.
The two-headed ogre hits you with a +0 great mace.
You feel very sick. You block the water moccasin's attack.
The water moccasin bites you.
You are more poisoned.
The water moccasin poisons you!
You feel very sick.
The water moccasin attacks as you move away!
The water moccasin bites you.
* * * LOW HITPOINT WARNING * * *
You feel very sick. The water moccasin bites you.
* * * LOW HITPOINT WARNING * * *
You are lethally poisoned!
The water moccasin poisons you!
* * * LOW HITPOINT WARNING * * *
You feel extremely sick.
You die...

#.######.....##...........
#.# #.....##...........
#.######.....##^.#†#......
#............# #..........
#####........# #.#.#......
#......<.....# #.O........
.............# ##S........
#.>....(.....####.........
#............#..@.....#...
#....>.....#.#.#......#...
#..........#.#.##...#.# #.
...........#.#.##...#.#
#........|.#.#.######.#
#..........#.#.# #.
#####...)†.#.#.#
....#......#.#.#
###.#........#.#


You could see a two-headed ogre and a water moccasin.

Vanquished Creatures
  2 black bears
  An ice beast (D:5)
  2 ogres
  Blork the orc (D:6)
  A bullfrog (D:5)
  4 scorpions
  5 wights (D:5)
  A hound (D:4)
  A jelly (D:4)
  4 orc priests
  4 orc wizards
  4 iguanas
  4 adders
  A shadow imp (D:5)
  A worm (D:3)
  3 dart slugs
  7 orcs
  2 endoplasms (D:2)
  3 giant cockroaches
  6 goblins
  13 hobgoblins
  6 jackals
  7 kobolds
  4 quokkas
  4 ball pythons
  6 bats
  6 frilled lizards
  4 rats
107 creatures vanquished.

Notes
Turn   | Place    | Note
-------+----------+-------------------------------------------
     0 | D:1      | Darius099 the Troll Monk began the quest for the Orb.
     0 | D:1      | Reached XP level 1. HP: 22/22 MP: 0/0
   128 | D:1      | Reached XP level 2. HP: 29/29 MP: 1/1
   886 | D:2      | Reached XP level 3. HP: 33/36 MP: 2/2
  1561 | D:3      | Reached XP level 4. HP: 41/44 MP: 3/3
  1690 | D:3      | Noticed a scorpion
  1713 | D:3      | Killed a scorpion
  1741 | D:3      | Reached skill level 4 in Unarmed Combat
  1995 | D:3      | Found a shadowy altar of Dithmenos.
  2290 | D:4      | Noticed an ogre
  2294 | D:4      | Reached XP level 5. HP: 52/52 MP: 4/4
  2301 | D:4      | Killed an ogre
  2446 | D:4      | Reached XP level 6. HP: 45/57 MP: 5/5
  2470 | D:4      | Reached skill level 5 in Unarmed Combat
  2472 | D:4      | HP: 2/58 [jackal (1)]
  2530 | D:4      | Identified the ring "Hyfevez" {Ice Fly rN+ Int+2}
  2775 | D:4      | Found a hide-covered altar of Uskayaw.
  2781 | D:4      | Found a basalt altar of Yredelemnul.
  3166 | D:5      | Entered Level 5 of the Dungeon
  3175 | D:5      | Reached XP level 7. HP: 60/66 MP: 6/6
  3205 | D:5      | Reached skill level 5 in Dodging
  3213 | D:5      | Reached skill level 6 in Unarmed Combat
  3289 | D:5      | Reached XP level 8. HP: 15/74 MP: 7/7
  3301 | D:5      | Reached skill level 7 in Unarmed Combat
  3529 | D:5      | Identified the +6 dagger of Yxiytu {protect, rF+ rC- Str+7}
  3761 | D:6      | Noticed Blork the orc
  3769 | D:6      | Killed Blork the orc
  3966 | D:6      | Noticed a two-headed ogre
  3969 | D:6      | Reached skill level 8 in Unarmed Combat
  3980 | D:6      | Succumbed to a water moccasin's poison

Illustrated notes

Levels and vault maps discovered:
D:1:      lightli_arrival_lavapool, layout_basic
D:2:      layout_basic, minmay_misc_feat_doors, minmay_split_cup_large
D:3:      layout_loops_cross, lemuel_doored_altar
D:4:      layout_loops_cross, mainiacjoe_overflow_big_doors
D:5:      layout_basic
D:6:      layout_gridville, elyvilon_altar_1, serial_co_window_serial,
          co_window_paths_a, co_window_corner_a, co_window_paths_b,
          co_window_paths_a, co_window_paths_a, co_window_paths_b,
          co_window_corner_a, co_window_2corner, co_window_broadway_c,
          co_window_of_opportunity_c, co_window_paths_c, co_window_4corner_a,
          glass_columns_c, glass_columns_a, uniq_blork_the_orc

Skill      XL: |  1  2  3  4  5  6  7  8 |
---------------+-------------------------+-----
Dodging        | 3 4 5 6 |  6.7
Unarmed Combat | 4 5 6 8 |  8.0
Fighting       | |  2.9
Armour         | |  0.2
Stealth        | |  1.4

Action                     |  1- 3 |  4- 6 |  7- 9 || total
---------------------------+-------+-------+-------++-------
  Melee: Unarmed           |    99 |   112 |   107 ||   318
         Punch             |     1 |     3 |     2 ||     6
    Use: Potion            |       |     3 |     1 ||     4
   Stab: Sleeping          |     3 |     1 |     1 ||     5
 Armour: Robe              |    36 |    50 |    22 ||   108
  Dodge: Dodged            |    54 |   119 |    41 ||   214
  Block: Other             |       |    14 |    22 ||    36

Table legend: (Time is in decaauts)
 A = Elapsed time spent in this place.
 B = Non-inter-level travel time spent in this place.
 C = Inter-level travel time spent in this place.
 D = Time resting spent in this place.
 E = Time spent auto-exploring this place.
 F = Levels seen in this place.
 G = Mean time per level.
                   A        B        C        D        E       F      G
               +--------+--------+--------+--------+--------+-----+--------+
         Total |   3948 |   3834 |    114 |    136 |   1746 |   6 |  658.0 |
       Dungeon |   3948 |   3834 |    114 |    136 |   1746 |   6 |  658.0 |
               +--------+--------+--------+--------+--------+-----+--------+

Top non-repeatable levels by time:
     D:4: 932 daAuts
     D:1: 799 daAuts
     D:3: 752 daAuts
     D:2: 665 daAuts
     D:5: 584 daAuts
     D:6: 215 daAuts
